Map: Línea Aguablanca EE

Players

MrFercho

  • Race: Zerg Zerg
  • League: Silver
  • Spawn Location: 6:00

tigro

  • Race: Terran Terran
  • League: Bronze
  • Spawn Location: 7:00

TATORREA

  • Race: Protoss Protoss
  • League: Silver
  • Spawn Location: 7:00

Fabio - Winner!

  • Race: Zerg Zerg
  • Spawn Location: 1:00

Luca - Winner!

  • Race: Protoss Protoss
  • League: Gold
  • Spawn Location: 1:00

Sebastiano - Winner!

  • Race: Terran Terran
  • Spawn Location: 12:00

VOD

Have the link to the VOD?

Description

Time

  • Played on: June 19, 2020, 9:40 p.m.
  • Length: 8:49
Show
View Real Time Build Order
Export as new Build Order

MrFercho Zerg 

Build Orders: Hatch First, Muta Ling Bane 

Get SALT Encoding   

  12  0:01  Drone  
  13  0:15  Overlord  
  13  0:20  Drone  
  14  0:51  Drone x2  
  16  0:59  Hatchery  
  15  1:14  Spawning Pool, Drone x2  
  16  1:19  Drone  
  17  1:36  Drone  
  18  1:48  Drone  
  19  1:55  Extractor  
  18  2:08  Queen  
  18  2:12  Zergling x6  
  23  2:26  Drone  
  23  2:28  Drone  
  23  2:29  Drone  
  26  2:33  Queen  
  28  2:37  Overlord x2  
  28  2:55  Extractor, Drone  
  28  2:56  Drone x2  
  30  3:17  Drone x4  
  34  3:42  Metabolic Boost  
  34  3:48  Lair  
  34  3:51  Zergling x12  
  40  4:00  Extractor, Queen  
  40  4:02  Extractor  
  40  4:06  Drone  
  40  4:08  Drone  
  42  4:15  Baneling Nest  
  38  4:23  Drone x2  
  40  4:31  Drone x4  
  44  4:40  Spine Crawler  
  44  4:43  Spine Crawler  
  42  4:46  Evolution Chamber  
  42  4:51  Drone  
  42  4:52  Drone x2  
  44  4:53  Overlord x2  
  44  5:07  Hatchery  
  44  5:09  Zergling x2  
  44  5:16  Zerg Ground Armor Level 1  
  44  5:22  Centrifical Hooks  
  44  5:34  Drone x3, Spire  
  44  5:35  Drone x4  
  50  5:57  Spore Crawler x2  
  50  6:03  Drone x4, Spine Crawler  
  51  6:06  Drone  
  51  6:08  Spine Crawler  
  51  6:13  Drone  
  51  6:14  Drone x2  
  54  6:23  Drone x4  
  58  6:57  Spore Crawler  
  57  7:12  Spine Crawler  
  57  7:14  Spine Crawler  
  55  7:35  Overseer  
  55  7:36  Overseer  
  47  8:13  Mutalisk x6  
Show
View Real Time Build Order
Export as new Build Order

tigro Terran 

Build Orders:  

Get SALT Encoding   

  12  0:02  SCV  
  13  0:15  SCV  
  14  0:25  Supply Depot  
  14  0:27  SCV  
  15  0:34  Refinery  
  15  0:46  SCV  
  16  0:59  Barracks  
  16  1:03  SCV  
  17  1:13  Refinery  
  17  1:15  SCV  
  18  1:27  SCV  
  19  1:36  Supply Depot  
  19  1:39  SCV  
  20  1:50  Marine  
  20  1:51  SCV  
  22  2:03  SCV  
  22  2:07  Marine  
  24  2:15  SCV  
  24  2:16  Barracks  
  25  2:25  Marine  
  25  2:27  SCV  
  27  2:30  Engineering Bay  
  27  2:43  Marine, Orbital Command  
  28  3:01  Marine  
  29  3:06  Factory  
  29  3:07  Barracks Reactor  
  29  3:27  Barracks Tech Lab  
  29  3:34  Terran Infantry Weapons Level 1  
  29  3:39  Command Center  
  29  3:54  Combat Shield  
  29  3:58  Factory Tech Lab  
  29  4:20  Marine x3, Starport  
  32  4:37  Marine, Siege Tank  
  36  4:58  Starport  
  36  5:04  Missile Turret  
  36  5:17  SCV, Refinery  
  37  5:26  Missile Turret  
  37  5:28  Terran Infantry Armor Level 1  
  37  5:29  SCV  
  37  5:33  Medivac  
  40  5:41  SCV  
  41  5:46  Starport Tech Lab  
  41  5:47  Missile Turret  
  41  5:56  Fusion Core  
  41  6:17  SCV  
  42  6:18  Refinery  
  42  6:25  Missile Turret  
  42  6:29  SCV  
  43  6:36  Starport Tech Lab  
  43  6:41  Medivac, SCV  
  43  6:45  Armory  
  43  6:46  Weapon Refit  
  46  6:54  SCV  
  47  7:06  SCV  
  44  7:58  Missile Turret  
  38  8:30  Marine x3  
Show
View Real Time Build Order
Export as new Build Order

TATORREA Protoss 

Build Orders:  

Get SALT Encoding   

  12  0:03  Probe  
  13  0:15  Probe  
  14  0:27  Probe  
  14  0:28  Pylon  
  15  0:46  Probe  
  16  0:52  Gateway  
  16  0:58  Probe  
  17  1:08  Assimilator  
  17  1:10  Probe  
  18  1:21  Probe  
  19  1:29  Probe  
  19  1:32  Gateway x2  
  19  1:37  Probe  
  19  1:45  Assimilator, Pylon  
  20  1:48  Probe  
  21  1:56  Probe  
  22  2:04  Probe  
  23  2:15  Probe  
  23  2:20  Cybernetics Core  
  24  2:23  Pylon  
  24  2:27  Probe  
  25  2:39  Probe  
  26  2:44  Nexus  
  26  2:52  Pylon  
  26  2:57  Pylon  
  26  2:58  Probe  
  27  3:06  Probe  
  28  3:15  Warp Gate, Probe  
  28  3:19  Stalker  
  31  3:25  Probe  
  31  3:27  Stalker  
  34  3:35  Stalker  
  36  3:46  Robotics Facility, Probe  
  37  3:55  Zealot  
  39  3:58  Probe  
  40  4:09  Probe  
  41  4:10  Pylon  
  41  4:12  Probe  
  41  4:14  Pylon  
  42  4:21  Probe  
  42  4:24  Probe  
  44  4:28  Assimilator  
  44  4:30  Assimilator  
  44  4:33  Probe  
  44  4:36  Probe  
  44  4:37  Twilight Council  
  46  4:45  Immortal  
  50  4:47  Probe  
  50  4:49  Probe  
  52  4:59  Probe  
  53  5:01  Probe  
  53  5:05  Stalker  
  56  5:07  Stalker  
  56  5:09  Stalker  
  56  5:11  Probe  
  61  5:17  Probe  
  61  5:19  Forge  
  62  5:24  Charge, Probe  
  63  5:29  Probe  
  63  5:33  Robotics Bay  
  64  5:36  Probe  
  64  5:41  Probe  
  66  5:48  Probe  
  67  5:59  Probe  
  67  6:00  Protoss Ground Weapons Level 1, Probe, Nexus  
  67  6:02  Pylon  
  69  6:05  Pylon  
  69  6:12  Probe  
  69  6:15  Probe  
  71  6:19  Stalker x2  
  71  6:21  Stalker  
  71  6:24  Probe  
  78  6:27  Probe  
  78  6:31  Colossus  
  85  6:36  Probe  
  85  6:39  Probe  
  87  6:48  Probe  
  87  6:51  Probe  
  87  6:52  Assimilator  
  54  7:09  Assimilator  
  50  7:23  Probe  
  50  7:24  Probe  
  50  7:25  Observer  
  53  7:36  Probe x2  
  49  7:48  Probe x2  
  43  8:02  Probe x2  
  25  8:14  Probe x2  
  26  8:26  Probe  
Show
View Real Time Build Order
Export as new Build Order

Fabio Zerg - Winner!

Build Orders: Hatch First 

Get SALT Encoding   

  12  0:08  Overlord  
  12  0:12  Drone  
  13  0:19  Drone  
  14  0:26  Drone  
  15  0:31  Drone  
  16  0:54  Drone  
  17  0:57  Hatchery  
  17  0:58  Extractor  
  17  1:00  Drone  
  17  1:04  Drone  
  17  1:14  Drone  
  18  1:23  Spawning Pool  
  17  1:26  Drone  
  18  1:34  Drone  
  19  1:51  Drone  
  20  1:56  Overlord  
  20  2:07  Drone  
  21  2:11  Queen x2  
  21  2:13  Drone  
  26  2:19  Extractor, Drone  
  26  2:23  Drone  
  27  2:31  Drone x2  
  29  2:41  Roach Warren  
  29  2:44  Metabolic Boost  
  28  2:46  Zergling x2  
  29  2:56  Zergling x6  
  32  3:00  Overlord  
  32  3:09  Queen  
  32  3:11  Drone  
  32  3:12  Drone  
  36  3:18  Zergling x2  
  37  3:21  Zergling x4  
  39  3:29  Drone x2  
  41  3:34  Extractor  
  41  3:36  Drone x3  
  43  4:03  Drone  
  43  4:05  Overlord x2  
  43  4:06  Overlord x3  
  44  4:24  Extractor, Drone  
  43  4:25  Drone x2  
  43  4:27  Drone x3  
  49  4:33  Lair  
  49  4:46  Spore Crawler  
  49  4:49  Spore Crawler  
  47  4:57  Evolution Chamber  
  47  4:59  Drone  
  47  5:00  Drone x5  
  52  5:18  Roach  
  52  5:19  Roach x5  
  64  5:40  Drone x3  
  67  5:47  Spire  
  66  5:52  Hydralisk Den  
  66  5:53  Zerg Missile Weapons Level 1  
  66  5:55  Roach  
  66  5:56  Roach x4  
  75  5:59  Overlord  
  75  6:00  Overlord  
  75  6:25  Hatchery  
  75  6:29  Drone  
  75  6:30  Drone x8  
  83  6:34  Queen  
  85  6:49  Hydralisk  
  85  6:50  Hydralisk x3  
  93  6:58  Extractor  
  93  6:59  Extractor  
  91  7:12  Overseer  
  91  7:25  Grooved Spines  
  91  7:32  Mutalisk  
  91  7:33  Mutalisk x3  
  91  7:34  Infestation Pit  
  98  7:41  Drone  
  98  7:43  Drone  
  98  7:44  Drone x6  
Show
View Real Time Build Order
Export as new Build Order

Luca Protoss - Winner!

Build Orders:  

Get SALT Encoding   

  12  0:01  Probe  
  13  0:13  Probe  
  14  0:20  Pylon  
  14  0:25  Probe  
  15  0:39  Gateway  
  15  0:40  Probe  
  15  0:41  Assimilator  
  15  0:48  Probe  
  17  0:57  Probe  
  18  1:08  Assimilator  
  18  1:10  Probe  
  19  1:26  Cybernetics Core  
  19  1:49  Probe  
  20  1:56  Warp Gate  
  20  1:57  Probe, Nexus  
  21  2:01  Pylon  
  21  2:12  Probe  
  22  2:24  Robotics Facility  
  22  2:25  Probe  
  23  2:32  Stalker  
  25  2:42  Pylon  
  25  2:47  Probe  
  26  3:01  Probe  
  27  3:07  Forge  
  27  3:13  Probe, Observer  
  29  3:21  Probe  
  29  3:25  Probe  
  31  3:29  Probe  
  31  3:30  Pylon  
  32  3:35  Gateway  
  32  3:45  Photon Cannon  
  32  3:55  Twilight Council  
  32  3:57  Probe  
  32  3:59  Probe  
  32  4:01  Assimilator  
  34  4:05  Photon Cannon  
  34  4:12  Gateway  
  34  4:34  Gateway  
  34  4:39  Dark Shrine  
  34  4:46  Pylon  
  34  4:48  Gateway  
  34  4:58  Warp Prism  
  36  5:12  Protoss Ground Weapons Level 1  
  36  5:15  Photon Cannon  
  36  5:19  Photon Cannon  
  36  5:31  Probe  
  37  5:36  Assimilator  
  37  5:53  Charge  
  37  5:58  Pylon  
  37  6:03  Gateway  
  37  6:12  Gateway  
  37  6:14  Dark Templar x3  
  37  6:15  Dark Templar  
  45  7:14  Dark Templar x4  
  45  8:01  Dark Templar x4  
Show
View Real Time Build Order
Export as new Build Order

Sebastiano Terran - Winner!

Build Orders:  

Get SALT Encoding   

  12  0:01  SCV  
  13  0:20  SCV  
  14  0:23  Supply Depot  
  14  0:28  Refinery  
  14  0:34  SCV  
  15  0:46  Barracks  
  15  0:50  SCV  
  16  1:04  SCV  
  17  1:32  Command Center  
  17  1:43  Barracks Reactor  
  17  1:48  Supply Depot  
  17  2:05  Factory  
  17  2:18  Bunker  
  17  2:23  Marine x2  
  19  2:37  Orbital Command  
  19  2:41  Marine x2  
  21  2:53  Engineering Bay  
  21  3:00  Factory Tech Lab  
  21  3:06  Refinery  
  21  3:14  Orbital Command  
  21  3:19  SCV  
  22  3:34  Siege Tank  
  22  3:35  Marine  
  22  3:36  Marine  
  27  3:46  SCV  
  28  3:48  SCV  
  29  3:58  SCV  
  29  4:00  Terran Infantry Weapons Level 1, SCV  
  31  4:07  Siege Tank  
  34  4:10  SCV  
  35  4:19  Marine  
  36  4:50  Missile Turret  
  36  5:09  SCV x2  
  36  5:11  Missile Turret  
  38  5:17  Refinery  
  41  5:21  Widow Mine, SCV x2  
  42  5:32  Missile Turret  
  42  5:39  Marine x2  
  46  5:43  Widow Mine  
  46  5:54  Terran Infantry Armor Level 1  
  46  5:55  Supply Depot  
  46  5:56  Supply Depot x2, Missile Turret  
  46  5:58  Refinery  
  46  6:14  Marine x2, Widow Mine, SCV x2  
  52  6:20  Supply Depot  
  52  6:25  Missile Turret  
  52  6:26  SCV x2  
  52  6:31  Marine x2  
  56  6:46  Missile Turret  
  56  7:06  Command Center  
  56  7:07  Missile Turret  
  56  7:13  Siege Tank  
  59  7:17  Marine x2  
  59  7:20  SCV x2  
  63  7:29  Missile Turret  
  63  7:32  SCV x2  
  63  7:35  Marine  
  66  7:45  Siege Tank  
  69  8:18  Marine x2  
  74  8:39  Starport  
Tags
 
Add a new tag
Caveats
  • Supply blocks, unpowered buildings, or Contaminate may cause inaccurate times.
  • Supply counts are checked every 10 seconds.